[Event "Early-Titled-Tuesday-Blitz-February-13-2024"]
[Site "Chess.com"]
[Date "2024.02.13"]
[Round "3"]
[White "sansanathalia"]
[Black "mbachez"]
[Result "0-1"]
[WhiteElo "2403"]
[BlackElo "2610"]
[TimeControl "180+1"]
[EndTime "8:30:47 PST"]
[Termination "mbachez won on time"]

1. d4 Nf6 2. Bg5 Ne4 3. Bf4 e6 4. f3 Bd6 5. Bxd6 Nxd6 6. e4 f5 7. e5 Nf7 8. c3 O-O 9. Bd3 d6 10. f4 c5 11. Nf3 Nc6 12. Bc4 cxd4 13. cxd4 dxe5 14. fxe5 Qb6 15. Qd2 Rd8 16. O-O Nxd4 17. Qf2 Nxf3+ 18. gxf3 Qxf2+ 19. Rxf2 Nxe5 20. Bb3 Rd3 21. Kg2 b6 22. Nc3 Kf7 23. Re1 Ng6 24. Kg3 Bd7 25.
Na4 Bxa4 26. Bxa4 Kf6 27. Bb3 e5 28. Rc2 e4 29. Rc6+ Kg5 30. Bd1 exf3 31. Bxf3 Nh4 0-1

[Event "Early-Titled-Tuesday-Blitz-February-13-2024"]
[Site "Chess.com"]
[Date "2024.02.13"]
[Round "3"]
[White "saraswathii"]
[Black "Kostya0705"]
[Result "0-1"]
[WhiteElo "2373"]
[BlackElo "2607"]
[TimeControl "180+1"]
[EndTime "8:30:47 PST"]
[Termination "Kostya0705 won by resignation"]

1. e4 c5 2. Nf3 e6 3. d3 Nc6 4. g3 g6 5. Bg2 Bg7 6. O-O Nge7 7. c3 O-O 8. Nbd2 d5 9. Qe2 Qc7 10. Re1 b5 11. e5 d4 12. Nf1 Bb7 13. Bf4 Nd5 14. Bd2 Rfd8 15. h4 h5 16. N1h2 a5 17.
g4 hxg4 18. Nxg4 c4 19. cxd4 cxd3 20. Qxd3 Ndb4 21. Bxb4 Nxb4 22. Qd2 Qb6 23. a3 Bxf3 24. Bxf3 Rxd4 25. Qe2 Nd5 26. Rad1 Nf4 27. Qe3 Rad8 28. Nf6+ Bxf6 29. exf6 Kh7 30. Qe5 Rxd1 31. Rxd1 Nh3+ 32. Kg2 Qxf2+ 0-1

[Event "Early-Titled-Tuesday-Blitz-February-13-2024"]
[Site "Chess.com"]
[Date "2024.02.13"]
[Round "3"]
[White "crazy_m_attack"]
[Black "InadaC"]
[Result "1-0"]
[WhiteElo "2453"]
[BlackElo "2164"]
[TimeControl "180+1"]
[EndTime "8:30:48 PST"]
[Termination "crazy_m_attack won by checkmate"]

1. e4 e6 2. d4 d5 3. Nc3 Bb4 4. e5 c5 5. Bd2 Nc6 6. Nb5 Bxd2+ 7. Qxd2 cxd4 8. Nf3 Nh6 9. Nbxd4 O-O 10. Bd3 Qb6 11.
c3 Bd7 12. h3 Rac8 13. O-O Ne7 14. Ng5 Nhf5 15. Nxf5 exf5 16. Rfe1 h6 17. Nf3 Be6 18. Nd4 Rfd8 19. Rab1 a5 20. Qf4 Ng6 21. Qf3 Qc7 22. Bxf5 Nxe5 23. Qg3 Bxf5 24. Nxf5 Ng6 25.
Qe3 Re8 26. Qd4 Qd7 27. Qxg7# 1-0

[Event "Early-Titled-Tuesday-Blitz-February-13-2024"]
[Site "Chess.com"]
[Date "2024.02.13"]
[Round "3"]
[White "maciek_92"]
[Black "Quattroporte300"]
[Result "1-0"]
[WhiteElo "2823"]
[BlackElo "2417"]
[TimeControl "180+1"]
[EndTime "8:30:50 PST"]
[Termination "maciek_92 won by resignation"]

1. c4 g6 2. Nc3 Bg7 3. g3 d6 4.
Bg2 e5 5. e4 Nc6 6. Nge2 Nge7 7. d3 O-O 8. h4 h5 9. Bg5 Bg4 10. f3 Be6 11. Qd2 Qd7 12. O-O-O a5 13. g4 f6 14. Be3 hxg4 15. h5 g5 16. h6 Bh8 17. Bxg5 Kh7 18. Be3 f5 19. exf5 Nxf5 20.
fxg4 Nxe3 21. Qxe3 Bxg4 22. Be4+ Bf5 23. Rdf1 Nd4 24. Nxd4 exd4 25. Qh3 dxc3 26. Rxf5 cxb2+ 27. Kb1 d5 28. Rxf8+ 1-0

[Event "Early-Titled-Tuesday-Blitz-February-13-2024"]
[Site "Chess.com"]
[Date "2024.02.13"]
[Round "3"]
[White "Shodikulov_Jamshid1990"]
[Black "Rurep26"]
[Result "0-1"]
[WhiteElo "2373"]
[BlackElo "2739"]
[TimeControl "180+1"]
[EndTime "8:30:50 PST"]
[Termination "Rurep26 won by resignation"]

1. c4 e5 2. Nc3 Nf6 3. g3 d5 4. cxd5 Nxd5 5. Bg2 Nb6 6. Nf3 Nc6 7. O-O Be7 8. a3 O-O 9. b4 Be6 10. Rb1 f6 11. d3 a5 12. b5 Nd4 13. Nxd4 exd4 14. Ne4 a4 15. Bb2 Ba2 16. Rc1 Bb3 17.
Qd2 Nd7 18. h4 h6 19. Qf4 f5 20. Nd2 Bd6 21. Qxd4 Be5 22. Qb4 Bxb2 23. Nxb3 Bxc1 24. Nxc1 f4 25. Bxb7 Rb8 26. Bg2 Kh8 27. Qxa4 Qe7 28. Bf3 Ne5 29. Be4 fxg3 30. fxg3 Qc5+ 0-1

[Event "Early-Titled-Tuesday-Blitz-February-13-2024"]
[Site "Chess.com"]
[Date "2024.02.13"]
[Round "3"]
[White "ama18"]
[Black "arnash_bauyrzhan"]
[Result "1-0"]
[WhiteElo "2565"]
[BlackElo "2278"]
[TimeControl "180+1"]
[EndTime "8:30:50 PST"]
[Termination "ama18 won by resignation"]

1. Nf3 Nf6 2. e3 e6 3. b3 d5 4.
Bb2 Be7 5. d4 O-O 6. Bd3 b6 7. O-O Bb7 8. Nbd2 Nbd7 9. c4 c6 10.
Rc1 h6 11. Ne5 Nxe5 12. dxe5 Nd7 13. Qe2 Qb8 14. f4 a5 15. a3 dxc4 16. Nxc4 b5 17. Nd2 Qa7 18. Ne4 c5 19. Bb1 Qa6 20. Qg4 Qc6 21. Nf6+ Bxf6 22. exf6 Nxf6 23. Bxf6 Qxg2+ 24.
Qxg2 Bxg2 25. Bxg7 Bxf1 26. Bxf8 1-0

[Event "Early-Titled-Tuesday-Blitz-February-13-2024"]
[Site "Chess.com"]
[Date "2024.02.13"]
[Round "3"]
[White "Bykov_Egor"]
[Black "alexrustemov"]
[Result "0-1"]
[WhiteElo "2587"]
[BlackElo "2816"]
[TimeControl "180+1"]
[EndTime "8:30:51 PST"]
[Termination "alexrustemov won by resignation"]

1. e4 e6 2. d4 d5 3. Nc3 dxe4 4. Nxe4 Bd7 5. Nf3 Bc6 6. Bd3 Nd7 7. c4 Ngf6 8. Nc3 Bxf3 9. Qxf3 c5 10. Qxb7 cxd4 11.
Nb5 Bb4+ 12. Ke2 O-O 13. Nxd4 Nc5 14. Qxb4 Qxd4 15. Rd1 Qg4+ 16. Ke1 Nxd3+ 17. Rxd3 Qe4+ 18. Re3 Qxg2 19. Ke2 Rfd8 20. h3 Ne4 21. Rf3 Rd1 22. Qb7 Qf1+ 23. Ke3 Re1+ 24. Kf4 e5+ 25. Kg4 Qg2+ 26. Rg3 Nf6+ 27. Kf5 Qxb7 0-1

[Event "Early-Titled-Tuesday-Blitz-February-13-2024"]
[Site "Chess.com"]
[Date "2024.02.13"]
[Round "3"]
[White "kushagramohan"]
[Black "malakismayil"]
[Result "1-0"]
[WhiteElo "2850"]
[BlackElo "2515"]
[TimeControl "180+1"]
[EndTime "8:30:52 PST"]
[Termination "kushagramohan won by resignation"]

1. e4 e5 2. Nf3 Nc6 3. Bb5 a6 4. Ba4 Nf6 5. O-O b5 6. Bb3 Be7 7. Re1 O-O 8. a4 b4 9. d4 d6 10. dxe5 Nxe5 11. Nxe5 dxe5 12. Qe2 a5 13. Nd2 Ba6 14.
Bc4 Bb7 15. Bd3 Bc5 16. Nc4 Qe7 17. Be3 Rfe8 18. Rad1 h6 19. h3 Red8 20. b3 Bd4 21. Qf3 Bc3 22. Rf1 Qe6 23. Bc1 Rd4 24. Be3 Bxe4 25. Bxe4 Rxe4 26. Rd3 Qc6 27. Rfd1 Rxc4 28. bxc4 e4 29. Rd8+ Kh7 30. Qf5+ g6 31. Qb5 Qxb5 32. cxb5 Rxd8 33. Rxd8 Kg7 34. Bd4 Bxd4 35. Rxd4 Kf8 36. Rc4 Ke7 37. Rxc7+ Ke6 38. b6 Nd5 39. b7 Nxc7 40.
b8=Q Nd5 41. Qe8+ Kd6 42. Qd8+ Ke6 43. Qxa5 1-0

[Event "Early-Titled-Tuesday-Blitz-February-13-2024"]
[Site "Chess.com"]
[Date "2024.02.13"]
[Round "3"]
[White "Juwen"]
[Black "EsmeraldasAnderson03"]
[Result "1-0"]
[WhiteElo "2618"]
[BlackElo "2405"]
[TimeControl "180+1"]
[EndTime "8:30:52 PST"]
[Termination "Juwen won by resignation"]

1. d4 d5 2. Nf3 Nf6 3. Bf4 e6 4. e3 Bd6 5. Bg3 O-O 6. Nbd2 c5 7. c3 Qc7 8. Bd3 Nbd7 9. O-O Bxg3 10. hxg3 e5 11.
dxe5 Nxe5 12. Nxe5 Qxe5 13. Qc2 Qh5 14. f3 Qg5 15.
Kf2 Re8 16. Rae1 Bd7 17. Rh1 h6 18. c4 b6 19. a3 Rad8 20. cxd5 Nxd5 21. Ne4 Qe7 22.
g4 f5 23. Bc4 fxe4 24. Bxd5+ Kh8 25. Bxe4 Bxg4 26. Bg6 Rf8 27. Rd1 Rxd1 28. Rxd1 Qh4+ 29. Kg1 Bxf3 30. gxf3 Rxf3 31. Qg2 Rxe3 32. Qa8+ 1-0

[Event "Early-Titled-Tuesday-Blitz-February-13-2024"]
[Site "Chess.com"]
[Date "2024.02.13"]
[Round "3"]
[White "DeArron_Fox"]
[Black "LikeWater"]
[Result "1-0"]
[WhiteElo "2518"]
[BlackElo "2736"]
[TimeControl "180+1"]
[EndTime "8:30:53 PST"]
[Termination "DeArron_Fox won by checkmate"]

1. d4 d6 2. c4 e5 3. Nf3 Nc6 4. Nc3 g6 5. dxe5 dxe5 6. Qxd8+ Kxd8 7. Bg5+ f6 8. O-O-O+ Bd7 9. Be3 Kc8 10. g3 Be6 11. b3 Ba3+ 12. Kb1 Nge7 13. Bc1 Bf5+ 14. Ka1 Bxc1 15.
Rxc1 Rd8 16. Bg2 Nb4 17. Rhd1 Rd6 18. Rxd6 cxd6 19. Nb5 Kd7 20. Rd1 Ke8 21. Nxd6+ Kf8 22. Nxb7 Rb8 23. Nc5 a5 24. Nh4 Bg4 25. f3 Bc8 26. f4 Bg4 27. Bf3 Bh3 28. fxe5 fxe5 29. Bg2 Bg4 30. h3 Bc8 31. Nf3 Nbc6 32. Ng5 h6 33. Nge6+ Kf7 34. Rf1+ Nf5 35. Bxc6 Bxe6 36. g4 Rc8 37. Nxe6 Kxe6 38. gxf5+ gxf5 39. Bd5+ Kf6 40. Kb2 Rc7 41. a3 Rg7 42. b4 a4 43. c5 Rg3 44.
c6 Ke7 45. Rxf5 Kd6 46. e4 Rg2+ 47. Kc3 Rg3+ 48. Kc4 Rxa3 49. Rf6+ Kc7 50. Rf7+ Kb6 51. c7 Ra1 52. c8=N+ Ka6 53. Ra7# 1-0

[Event "Early-Titled-Tuesday-Blitz-February-13-2024"]
[Site "Chess.com"]
[Date "2024.02.13"]
[Round "3"]
[White "albi1999"]
[Black "GMRAVEN_ON_YOUTUBE"]
[Result "1-0"]
[WhiteElo "2609"]
[BlackElo "2806"]
[TimeControl "180+1"]
[EndTime "8:30:57 PST"]
[Termination "albi1999 won by resignation"]

1. Nf3 f5 2. d4 Nf6 3. g3 g6 4.
Bg2 Bg7 5. O-O O-O 6. Nbd2 d6 7. Re1 Ne4 8. c3 c6 9. Nxe4 fxe4 10. Ng5 d5 11. f3 e5 12. fxe4 exd4 13. exd5 dxc3 14.
Qb3 Qb6+ 15. Qxb6 axb6 16. dxc6 Nxc6 17. Bd5+ Kh8 18. bxc3 Bxc3 19. Rb1 h6 20. Nf7+ Rxf7 21. Bxf7 Kg7 22. Bb3 Bxe1 23. Bb2+ Kh7 24. Rxe1 Bd7 25. Rf1 Be8 26. Rf8 g5 27. Bc2+ Bg6 28. Bxg6+ Kxg6 29. Rxa8 1-0

[Event "Early-Titled-Tuesday-Blitz-February-13-2024"]
[Site "Chess.com"]
[Date "2024.02.13"]
[Round "3"]
[White "HeroWilczek"]
[Black "Timerkhanov"]
[Result "0-1"]
[WhiteElo "2472"]
[BlackElo "2661"]
[TimeControl "180+1"]
[EndTime "8:30:57 PST"]
[Termination "Timerkhanov won by resignation"]

1. e4 c5 2. Nf3 a6 3. g3 b5 4. Bg2 Bb7 5. d3 e6 6. O-O d6 7.
Nc3 Nf6 8. Re1 Be7 9. d4 cxd4 10.
Nxd4 Qc7 11. Be3 Nbd7 12. a4 b4 13. Na2 d5 14. exd5 Nxd5 15. Nf5 Nxe3 16. Nxe3 Bxg2 17. Kxg2 O-O 18. Qg4 a5 19. Rad1 Qc6+ 20. Qf3 Qxf3+ 21. Kxf3 Nb6 22. b3 Rac8 23. Re2 f5 24. Nc1 g5 25.
Nd3 Bf6 26. g4 Bd4 27. gxf5 exf5 28. Rg1 g4+ 29. Kf4 Rce8 30. f3 Bxe3+ 31. Rxe3 Nd5+ 32. Kg3 Rxe3 0-1

[Event "Early-Titled-Tuesday-Blitz-February-13-2024"]
[Site "Chess.com"]
[Date "2024.02.13"]
[Round "3"]
[White "AlexTruskavetsky"]
[Black "WindWhistler11"]
[Result "1-0"]
[WhiteElo "2730"]
[BlackElo "2498"]
[TimeControl "180+1"]
[EndTime "8:31:01 PST"]
[Termination "AlexTruskavetsky won on time"]

1. d4 Nf6 2. c4 e6 3. Nc3 c5 4. d5 exd5 5. cxd5 Bd6 6. e4 O-O 7. Bd3 Re8 8. Nge2 Bc7 9. O-O d6 10. h3 a6 11. a4 Nbd7 12. Ng3 Rb8 13. f4 Nf8 14. Qf3 Bd7 15. a5 Bxa5 16. e5 Bxc3 17. bxc3 dxe5 18. fxe5 Rxe5 19. Bf4 Rxd5 20. Bxb8 Qxb8 21.
Ne4 Rf5 22. Qe3 Nxe4 23. Bxe4 Rxf1+ 24. Rxf1 Qc7 25. Qf3 Bc6 26. Bxc6 bxc6 27. Qe3 Ne6 28. Ra1 Qb6 29. Kh1 h6 30. Qd3 a5 31. Qb1 Qa7 32.
Qa2 Qe7 33. Qxa5 Qf6 34. Rc1 Qg5 35. Rb1 Nf4 36. Qa8+ Kh7 37. Qxc6 Nh5 38. Qf3 Ng3+ 39. Kg1 f5 40. Rd1 f4 41. Rd5 Qg6 42. Qd3 Ne4 43.
Re5 1-0

[Event "Early-Titled-Tuesday-Blitz-February-13-2024"]
[Site "Chess.com"]
[Date "2024.02.13"]
[Round "3"]
[White "iwanyu"]
[Black "Yan_Dyomin2010"]
[Result "1-0"]
[WhiteElo "2874"]
[BlackElo "2586"]
[TimeControl "180+1"]
[EndTime "8:31:02 PST"]
[Termination "iwanyu won by resignation"]

1. d4 Nf6 2. c4 c5 3. d5 b5 4. cxb5 a6 5. e3 e6 6. dxe6 fxe6 7. Nf3 d5 8. Nc3 Bd6 9. Be2 O-O 10. O-O Qe7 11.
e4 d4 12. e5 Bxe5 13. Nxe5 dxc3 14. Bf3 Ra7 15. b6 cxb2 16. Bxb2 Rb7 17. Bxb7 Bxb7 18.
a4 a5 19. Re1 Ne4 20. f3 Nd6 21. Qd2 Nc8 22. Qxa5 Na6 23. Rad1 Nb4 24. Rd7 Qh4 25. g3 Qg5 26. Rxb7 Qd2 27. Rxg7+ Kh8 28. Nd3 1-0

[Event "Early-Titled-Tuesday-Blitz-February-13-2024"]
[Site "Chess.com"]
[Date "2024.02.13"]
[Round "3"]
[White "tylityli"]
[Black "Som2310"]
[Result "0-1"]
[WhiteElo "2292"]
[BlackElo "2812"]
[TimeControl "180+1"]
[EndTime "8:31:02 PST"]
[Termination "Som2310 won by resignation"]

1. d4 Nf6 2. c4 g6 3. Nc3 d5 4.
cxd5 Nxd5 5. Bd2 Bg7 6. e4 Nb6 7. Be3 O-O 8. Qd2 Nc6 9. d5 Ne5 10. b3 f5 11. Nf3 fxe4 12. Nxe5 Bxe5 13. O-O-O Qd6 14. Nxe4 Qa3+ 15. Kb1 Bf5 16. f3 Rfd8 17. Bc4 Nxc4 18. bxc4 b5 19. c5 Bc3 20. Qc2 Qb4+ 21.
Qb3 Bxe4+ 22. fxe4 Qxe4+ 23. Qc2 Qxe3 24. Rd3 Qxc5 25.
Qxc3 Rxd5 26. Qxc5 Rxc5 27. Rd7 Re8 28. Rc1 Rxc1+ 29.
Kxc1 Rf8 30. Rxc7 Rf1+ 31. Kb2 Rf2+ 32. Kb3 Rxg2 33. Rxa7 Rxh2 34. Rxe7 Rf2 35. Rb7 Rf5 36.
Kb4 h5 37. Rd7 h4 38. Rd3 Kg7 0-1

[Event "Early-Titled-Tuesday-Blitz-February-13-2024"]
[Site "Chess.com"]
[Date "2024.02.13"]
[Round "3"]
[White "Maria_Severina"]
[Black "JonaszBaum"]
[Result "0-1"]
[WhiteElo "2407"]
[BlackElo "2662"]
[TimeControl "180+1"]
[EndTime "8:31:04 PST"]
[Termination "JonaszBaum won by resignation"]

1. Nf3 c5 2. g3 Nc6 3. Bg2 e5 4.
O-O d5 5. d3 Nf6 6. Nbd2 Be7 7.
e4 Be6 8. Re1 d4 9. Rf1 Qc7 10.
Ng5 Bg4 11. f3 Bd7 12. Bh3 h6 13. Bxd7+ Qxd7 14. Nxf7 Kxf7 15. f4 exf4 16. Rxf4 Rhf8 17. Nc4 Kg8 18. Bd2 b5 19. Na3 a6 20. Qe2 Ne5 21. Raf1 c4 22. Rf5 Bxa3 23. bxa3 cxd3 24. cxd3 Rae8 25.
Bb4 Rf7 26. h3 Nc6 27. Bd2 Re5 28. R5f4 Qxh3 29. Qf3 Rh5 30. Rf2 Ne5 0-1

[Event "Early-Titled-Tuesday-Blitz-February-13-2024"]
[Site "Chess.com"]
[Date "2024.02.13"]
[Round "3"]
[White "Perecke"]
[Black "Canal_Showdrez"]
[Result "1-0"]
[WhiteElo "2547"]
[BlackElo "2082"]
[TimeControl "180+1"]
[EndTime "8:31:04 PST"]
[Termination "Perecke won by resignation"]

1. e4 c5 2. Nf3 Nc6 3. d4 cxd4 4.
Nxd4 Nf6 5. Nc3 e5 6. Ndb5 d6 7. Nd5 Nxd5 8. exd5 Nb8 9. a4 Nd7 10. Be2 Be7 11. O-O f5 12. a5 f4 13. Bd2 O-O 14.
Bb4 Nf6 15. c4 e4 16. Qb3 a6 17. Nd4 Kh8 18. Rac1 Bd7 19. c5 dxc5 20. Bxc5 Bxc5 21. Rxc5 Rc8 22. Rfc1 Rxc5 23. Rxc5 e3 24. fxe3 Qe7 25. Rc3 Ne4 26. Rc1 Nd2 27. Qd3 fxe3 28. Ne6 Bxe6 29.
Qxe3 Qb4 30. dxe6 Nb3 31. Rf1 Re8 32. e7 h6 33. Bd3 Nxa5 34. Qe4 Qxe4 35. Rf8+ 1-0

[Event "Early-Titled-Tuesday-Blitz-February-13-2024"]
[Site "Chess.com"]
[Date "2024.02.13"]
[Round "3"]
[White "Sychev_Klementy"]
[Black "pifion"]
[Result "1-0"]
[WhiteElo "2912"]
[BlackElo "2670"]
[TimeControl "180+1"]
[EndTime "8:31:05 PST"]
[Termination "Sychev_Klementy won by resignation"]

1. e4 c5 2. Nf3 e6 3. d4 cxd4 4. Nxd4 Nc6 5. Nc3 Qc7 6. Nxc6 bxc6 7. Bd3 Nf6 8. Qe2 d5 9. exd5 cxd5 10. Nb5 Qb6 11.
Bf4 Kd7 12. O-O Ba6 13. a4 Rc8 14. c4 Bc5 15. b4 Bxb4 16. Rab1 Qa5 17. Rfd1 Rhd8 18.
cxd5 Nxd5 19. Qh5 Ke8 20. Be5 Bf8 21. Qxh7 Nb4 22. Bf1 Rxd1 23. Rxd1 Qxa4 24. Ra1 Bxb5 25. Rxa4 Bxa4 26. Bxg7 Bxg7 27. Qxg7 Bd7 28. Qh8+ Ke7 29.
Qh4+ 1-0

[Event "Early-Titled-Tuesday-Blitz-February-13-2024"]
[Site "Chess.com"]
[Date "2024.02.13"]
[Round "3"]
[White "2346PL"]
[Black "ElephantChessGenius"]
[Result "0-1"]
[WhiteElo "2546"]
[BlackElo "2288"]
[TimeControl "180+1"]
[EndTime "8:31:05 PST"]
[Termination "ElephantChessGenius won by resignation"]

1. e4 c5 2. c3 Nf6 3. e5 Nd5 4. d4 d6 5. Nf3 Nc6 6. h3 g6 7. Bc4 dxe5 8. dxe5 Be6 9. Ng5 Bg7 10. Nxe6 fxe6 11. f4 O-O 12. O-O Qa5 13. Bxd5 exd5 14. Qxd5+ Kh8 15. Be3 Qb5 16. b3 Nxe5 17. c4 Qc6 18.
fxe5 Rxf1+ 19. Kxf1 Qxd5 20. cxd5 Bxe5 21. Bxc5 Bxa1 22.
Bxe7 Kg7 23. Nd2 Kf7 24. Bg5 Bf6 25. Be3 a6 26. Ne4 Rd8 27. d6 Be5 28. Bg5 Rd7 29. Be7 b6 30. Ke2 h6 31. Kf3 Ke6 32. Bf8 Rf7+ 33.
Ke3 Rxf8 34. d7 Kxd7 35. Nd2 Bf4+ 36. Kd3 Bxd2 37. Kxd2 Rf2+ 0-1

[Event "Early-Titled-Tuesday-Blitz-February-13-2024"]
[Site "Chess.com"]
[Date "2024.02.13"]
[Round "3"]
[White "Truequitos"]
[Black "carloseduar100"]
[Result "1-0"]
[WhiteElo "2602"]
[BlackElo "2353"]
[TimeControl "180+1"]
[EndTime "8:31:06 PST"]
[Termination "Truequitos won by resignation"]

1. d4 d5 2. Bf4 e6 3. e3 Bd6 4. Qg4 Nf6 5. Qxg7 Rg8 6. Qh6 Rg6 7.
Qh4 Rg4 8. Qh6 Rg6 9. Qh4 Rg4 10. Qh3 e5 11. Bxe5 Bxe5 12. dxe5 Re4 13. Qg3 Ng4 14. h3 Nxe5 15. Nd2 Ng6 16. Nxe4 dxe4 17. Rd1 Qe7 18.
c3 Be6 19. Ne2 Bxa2 20. Nf4 Nc6 21. Bb5 a6 22. Bxc6+ bxc6 23. O-O Bc4 24. Rfe1 a5 25. Rd4 Ne5 26. Rxe4 O-O-O 27. Ng6 fxg6 28. Qxe5 1-0

[Event "Early-Titled-Tuesday-Blitz-February-13-2024"]
[Site "Chess.com"]
[Date "2024.02.13"]
[Round "3"]
[White "Schattman"]
[Black "miraitrunks"]
[Result "0-1"]
[WhiteElo "2382"]
[BlackElo "2180"]
[TimeControl "180+1"]
[EndTime "8:31:08 PST"]
[Termination "miraitrunks won by resignation"]

1. f4 e5 2. fxe5 d6 3. exd6 Bxd6 4. Nf3 g5 5. g3 g4 6. Nh4 Ne7 7. d4 Ng6 8. Ng2 h5 9. e4 h4 10. e5 Be7 11. Rg1 hxg3 12. hxg3 Nc6 13. c3 Bf5 14. Bd3 Bxd3 15. Qxd3 Ngxe5 16. Qf5 Nf3+ 17. Kf2 Nxg1 18. Kxg1 Qd7 19. Qxd7+ Kxd7 20. Bf4 Bd6 21. Nd2 Rh3 22. Bxd6 cxd6 23. Kf2 Rh2 24. Ne4 f5 25. Nd2 Rf8 26. Re1 f4 27. gxf4 Re8 28. Rd1 Ne7 29. Kg3 Reh8 30.
Ne4 Nf5+ 31. Kxg4 Nh6+ 32. Kg3 Nf5+ 33. Kg4 Rf8 34. Rd3 Rxg2+ 35. Kf3 Rxb2 36. Ng5 Rxa2 37. c4 a5 38. c5 d5 39. Ra3 Rxa3+ 0-1

[Event "Early-Titled-Tuesday-Blitz-February-13-2024"]
[Site "Chess.com"]
[Date "2024.02.13"]
[Round "3"]
[White "artin10862"]
[Black "Herzog2012"]
[Result "1-0"]
[WhiteElo "2889"]
[BlackElo "2524"]
[TimeControl "180+1"]
[EndTime "8:31:10 PST"]
[Termination "artin10862 won on time"]

1. Nf3 Nf6 2. g3 b5 3. Bg2 Bb7 4. O-O e6 5. d3 c5 6. e4 d6 7. a4 a6 8. Nc3 b4 9. Nb1 Nbd7 10.
Nbd2 Be7 11. b3 O-O 12. Bb2 d5 13. e5 Ne8 14. h4 f6 15. Re1 Nc7 16. exf6 Bxf6 17.
Ne5 Nxe5 18. Bxe5 Bxe5 19. Rxe5 Qd6 20. Qe2 Rf6 21. Re1 Raf8 22. f4 Bc6 23. Qf2 Rf5 24.
d4 Rxe5 25. Rxe5 c4 26. Bf1 Rf5 27. bxc4 Bxa4 28. c5 Qf8 29. Nf3 a5 30. Bd3 Rxe5 31.
Nxe5 Bb5 32. Qe2 Qe8 33. Bxb5 Nxb5 34. c6 Nxd4 35. Qa6 Qb8 36. c7 Qf8 37. c8=Q 1-0

[Event "Early-Titled-Tuesday-Blitz-February-13-2024"]
[Site "Chess.com"]
[Date "2024.02.13"]
[Round "3"]
[White "verrbaa"]
[Black "Witik"]
[Result "0-1"]
[WhiteElo "2495"]
[BlackElo "2711"]
[TimeControl "180+1"]
[EndTime "8:31:10 PST"]
[Termination "Witik won by checkmate"]

1. e4 c6 2. d4 d5 3. e5 Bf5 4. h4 Qb6 5. g4 Bd7 6. h5 Nh6 7.
Be2 e6 8. c3 c5 9. dxc5 Bxc5 10.
Nh3 a5 11. Qb3 Qa7 12. Bxh6 gxh6 13. Nd2 Nc6 14. Nf3 Rg8 15. Rg1 a4 16. Qc2 Rg7 17. g5 hxg5 18. Rxg5 Rxg5 19. Nfxg5 h6 20. Nh7 O-O-O 21.
O-O-O Nxe5 22. f4 Nc6 23. Nf6 Kb8 24. Qh7 Bc8 25. Qxh6 a3 26. b3 Be3+ 27. Kb1 Qc5 28. c4 e5 29. Ng5 Bf5+ 30. Bd3 dxc4 31. Bxf5 Rxd1+ 32. Kc2 Nb4+ 33. Kxd1 Qd4+ 34. Ke2 Qd2+ 35.
Kf3 Qf2+ 36. Ke4 Qxf4# 0-1

[Event "Early-Titled-Tuesday-Blitz-February-13-2024"]
[Site "Chess.com"]
[Date "2024.02.13"]
[Round "3"]
[White "Cirky"]
[Black "Titus369"]
[Result "1-0"]
[WhiteElo "2491"]
[BlackElo "2646"]
[TimeControl "180+1"]
[EndTime "8:31:10 PST"]
[Termination "Cirky won by resignation"]

1. d4 d5 2. c4 e6 3. Nf3 Nf6 4. Nc3 Be7 5. Bf4 O-O 6. e3 Nbd7 7.
Qc2 c5 8. dxc5 Nxc5 9. Be2 Nce4 10. O-O Nxc3 11. Qxc3 Bd7 12. Rfd1 Bc6 13. Ne5 Qc8 14. Rac1 dxc4 15. Nxc6 Qxc6 16. Qxc4 Qxc4 17. Rxc4 Rac8 18. Rdc1 Rxc4 19. Rxc4 Bd8 20. Bf3 b5 21. Rc5 b4 22.
Bd6 Re8 23. Bc6 Bb6 24. Bxe8 Bxc5 25. Bxc5 Nxe8 26. Bxa7 Nc7 27. Bc5 Na6 28. Bd6 f6 29. f4 Kf7 30. e4 Ke8 31. Kf2 Kd7 32. e5 fxe5 33. fxe5 Kc6 34. Ke3 Kd5 35. Kd3 h5 36. g3 g5 37. h3 g4 38. hxg4 hxg4 39. Ke3 Nc5 40. Bxc5 Kxc5 41. Ke4 Kc4 42. Kf4 Kd4 43. Kxg4 Kxe5 44. Kf3 Kd4 45. Ke2 Ke4 46. a4 1-0

[Event "Early-Titled-Tuesday-Blitz-February-13-2024"]
[Site "Chess.com"]
[Date "2024.02.13"]
[Round "3"]
[White "marsofsilva"]
[Black "Ducke13"]
[Result "1-0"]
[WhiteElo "2095"]
[BlackElo "2312"]
[TimeControl "180+1"]
[EndTime "8:31:11 PST"]
[Termination "marsofsilva won on time"]

1. e4 c5 2. Nf3 d6 3. d4 cxd4 4.
Nxd4 Nf6 5. Nc3 a6 6. Be3 e5 7. Nf3 Be7 8. Bc4 Be6 9. Bxe6 fxe6 10. Ng5 Qd7 11. Qf3 Nc6 12. Qh3 Nd8 13. Bb6 Rc8 14. Bxd8 Bxd8 15. Nxe6 Ba5 16. Nxg7+ Kd8 17. Nf5 Rf8 18.
O-O-O Bxc3 19. Rxd6 Bb4 20. Rxd7+ Nxd7 21. Qxh7 Kc7 22. Rd1 Rcd8 23. c3 Bc5 24. Rd5 Bxf2 25. Qe7 1-0

[Event "Early-Titled-Tuesday-Blitz-February-13-2024"]
[Site "Chess.com"]
[Date "2024.02.13"]
[Round "3"]
[White "Levanzovsky"]
[Black "kiCaps"]
[Result "1-0"]
[WhiteElo "2508"]
[BlackElo "2687"]
[TimeControl "180+1"]
[EndTime "8:31:12 PST"]
[Termination "Levanzovsky won by resignation"]

1. c4 e6 2. d4 d5 3. Nc3 Nf6 4.
Bg5 Be7 5. e3 O-O 6. Nf3 Nbd7 7.
Qc2 h6 8. h4 a6 9. c5 b6 10. c6 Nb8 11. Ne5 a5 12. a4 Na6 13.
Bxa6 Bxa6 14. Rh3 Re8 15. Bxh6 gxh6 16. Rg3+ Kf8 17. Nxf7 Bd6 18. Nxd8 Bxg3 19. Qg6 Raxd8 20. Qxf6+ Kg8 21. Qg6+ Kh8 22. Qxh6+ Kg8 23. fxg3 Rf8 24. Qxe6+ Kh7 25. Nxd5 Rxd5 26. Qxd5 Rf1+ 27. Kd2 Rxa1 28. Qf7+ Kh8 29. Qxc7 Rg1 30. Qb8+ Kg7 31. Qa7+ 1-0

[Event "Early-Titled-Tuesday-Blitz-February-13-2024"]
[Site "Chess.com"]
[Date "2024.02.13"]
[Round "3"]
[White "AwareIdea"]
[Black "Ready4abattle"]
[Result "1-0"]
[WhiteElo "2509"]
[BlackElo "2242"]
[TimeControl "180+1"]
[EndTime "8:31:12 PST"]
[Termination "AwareIdea won by resignation"]

1. d4 Nf6 2. c4 g6 3. Nf3 Bg7 4. Nc3 d5 5. Bg5 dxc4 6. e3 c5 7. Bxc4 cxd4 8. Nxd4 O-O 9. O-O Nbd7 10. Rc1 Qa5 11. Bh4 a6 12. a3 Ne5 13. Ba2 Bd7 14.
Bg3 Nc6 15. Nb3 Qd8 16. Nc5 Bc8 17. Qe2 Bg4 18. f3 Bc8 19. Rfd1 Qb6 20. N3a4 Qa7 21. b4 Rd8 22. Bc7 Rxd1+ 23. Rxd1 b5 24. Nb6 Qxc7 25. Nxa8 Qb8 26. e4 Qxa8 27. e5 Nh5 28. g4 Nf4 29.
Qe4 Ne6 30. Nxe6 Bxe6 31. Bxe6 fxe6 32. Rc1 Bxe5 33. Rxc6 Qa7+ 34. Kg2 Bf6 35. Qxe6+ Kg7 36. Qe4 Qd7 37. Rc2 h5 38. h3 h4 39. f4 g5 40. fxg5 Bxg5 41. Qf5 1-0

[Event "Early-Titled-Tuesday-Blitz-February-13-2024"]
[Site "Chess.com"]
[Date "2024.02.13"]
[Round "3"]
[White "cthulhuuu"]
[Black "norwaytoadog"]
[Result "1-0"]
[WhiteElo "2426"]
[BlackElo "2197"]
[TimeControl "180+1"]
[EndTime "8:31:12 PST"]
[Termination "cthulhuuu won on time"]

1. e4 c5 2. Nf3 d6 3. g3 Nf6 4. d3 g6 5. Bg2 Bg7 6. O-O O-O 7. Re1 Nc6 8. e5 dxe5 9. Nxe5 Nxe5 10. Rxe5 Ng4 11. Re2 Ne5 12. h3 Nc6 13. c3 Bf5 14. Be3 Qd7 15. Bxc5 Bxh3 16. Bxh3 Qxh3 17. d4 b6 18. Bxe7 Rfe8 19. Bg5 h6 20. Be3 Rad8 21. Nd2 Ne7 22. Qf1 Qf5 23. Rae1 Qd3 24. Bxh6 Bxh6 25. Rxe7 Qxf1+ 26. Nxf1 Rxe7 27. Rxe7 a5 28. Ne3 Rd6 29. Rb7 Rc6 30. Nd5 Kf8 31. Rb8+ Kg7 32. Rg8+ Kxg8 33. Ne7+ Kf8 34. Nxc6 Ke8 35. Ne5 Bc1 36. Nd3 1-0